 Dungeon Crawl Stone Soup version 0.28-a0-850-g09de17f5b5 (webtiles) character file.

Game seed: 11953386500919726186

6338 vurker the Zephyrmancer (level 10, -15/83 HPs)
             Began as a Demigod Air Elementalist on Nov 13, 2021.
             Demolished by a boulder beetle (42 damage)
             ... on level 9 of the Dungeon.
             The game lasted 00:13:27 (12995 turns).

vurker the Zephyrmancer (Demigod Air Elementalist) Turns: 12995, Time: 00:13:27

Health: -15/83     AC:  8    Str:  6    XL:     10   Next: 38%
Magic:  26/26      EV: 12    Int: 29    God:
Gold:   410        SH:  7    Dex: 14    Spells: 20/25 levels left

rFire   + . .      SeeInvis +   g - staff of air
rCold   + . .      Faith    .   s - +2 buckler
rNeg    + + +      Spirit   .   A - +2 robe {rN+}
rPois   +          Reflect  .   e - +4 hat of Wauselis {rPois rC+ rN++ Str-3}
rElec   +          Harm     .   (no cloak)
rCorr   .          Rampage  .   (no gloves)
Will    +....                   (no boots)
Stlth   ++........              (no amulet)
HPRegen 0.23/turn               a - ring of see invisible
MPRegen 0.20/turn               B - ring of protection from fire

@: no status effects
A: high mp 1, forlorn
a: no special abilities


You were on level 9 of the Dungeon.
You visited 1 branch of the dungeon, and saw 9 of its levels.

You collected 410 gold pieces.

Inventory:

Missiles
 i - a throwing net
Armour
 e - the +4 hat of Wauselis (worn) {rPois rC+ rN++ Str-3}
   (You acquired it on level 5 of the Dungeon)

   Str:       It affects your strength (-3).
   rC:        It protects you from cold.
   rPois:     It protects you from poison.
   rN:        It greatly protects you from negative energy.
 s - a +2 buckler (worn)
   (You found it on level 5 of the Dungeon)
 y - a +0 pair of boots
   (You found it on level 8 of the Dungeon)
 A - a +2 robe of positive energy (worn)
   (You found it on level 2 of the Dungeon)
 D - a +0 pair of boots
   (You found it on level 8 of the Dungeon)
Magical Staves
 g - a staff of air (weapon)
   (You acquired it on level 6 of the Dungeon)
Jewellery
 a - a ring of see invisible (left hand)
   (You found it on level 2 of the Dungeon)
 k - a ring of fire
   (You found it on level 6 of the Dungeon)
 p - a ring of positive energy
   (You found it on level 4 of the Dungeon)
 B - a ring of protection from fire (right hand)
   (You found it on level 8 of the Dungeon)
Wands
 d - a wand of iceblast (8)
   (You found it on level 7 of the Dungeon)
 r - a wand of mindburst (6)
   (You took it off a gnoll on level 9 of the Dungeon)
 t - a wand of flame (8)
   (You found it on level 4 of the Dungeon)
 u - a wand of paralysis (6)
   (You found it on level 5 of the Dungeon)
Scrolls
 b - a scroll of vulnerability
 l - 2 scrolls of amnesia {unknown}
 w - a scroll of summoning {unknown}
 x - 2 scrolls of teleportation {unknown}
Potions
 c - a potion of mutation
 f - a potion of haste
 h - 3 potions of lignification
 j - a potion of flight
 m - a potion of attraction
 n - 3 potions of curing
 o - a potion of invisibility {unknown}
 q - 2 potions of magic
 v - 2 potions of heal wounds {unknown}
 z - a potion of berserk rage {unknown}
 C - a potion of cancellation
 F - a potion of brilliance {unknown}


   Skills:
 + Level 6.1 Fighting
 - Level 1.7 Dodging
 - Level 1.7 Stealth
 - Level 4.0 Shields
 * Level 8.3 Spellcasting
 - Level 3.0 Conjurations
 * Level 9.3 Air Magic


You had 20 spell levels left.
You knew the following spells:

 Your Spells              Type           Power      Damage    Failure   Level
a - Shock                 Conj/Air       100%       1d9       1%          1
c - Airstrike             Air            39%        N/A       1%          4

Your spell library contained the following spells:

 Spells                   Type           Power      Damage    Failure   Level
 Magic Dart               Conj           100%       1d8       1%          1
 Corpse Rot               Necr/Air       100%       N/A       1%          2
 Poisonous Vapours        Pois/Air       100%       N/A       1%          2
 Static Discharge         Conj/Air       64%        N/A       1%          2
 Swiftness                Air            78%        N/A       1%          3
 Mephitic Cloud           Conj/Pois/Air  52%        N/A       2%          3
 Slow                     Hex            48%        N/A       4%          1
 Sting                    Tmut/Pois      48%        1d5       4%          1
 Call Imp                 Summ           12%        N/A       7%          2
 Confusing Touch          Hex            12%        N/A       13%         3
 Vampiric Draining        Necr           12%        2d6       13%         3
 Olgreb's Toxic Radiance  Pois           12%        N/A       41%         4
 Irradiate                Conj/Tmut      10%        3d16      54%         5
 Blade Hands              Tmut           6%         N/A       77%         5
 Dragon Form              Tmut           6%         N/A       100%        7


Dungeon Overview and Level Annotations

Branches:
Dungeon (9/15)             Temple (0/1) D:5
   Lair: D:8-11         Orc: D:9-12

Shops:
D:6 *

Annotations:
D:6 3 runed translucent doors, sn0wgr3's ghost, novice MiFi


Innate Abilities, Weirdness & Mutations

Your attributes grow dramatically as you level up.
You have an increased reservoir of magic. (+10% MP)
You shall have no god before yourself.


Message History

A wyvern comes into view.
There is an open door here.
A wyvern is nearby!
Aim: a wyvern (asleep, empty space bonus: 8/8)
You feel a surge of power!
The air twists around and strikes the wyvern!!
The wyvern hisses angrily.
Aim: a wyvern (severely wounded, empty space bonus: 5/8)
You feel a surge of power!
The air twists around and strikes the wyvern!
You kill the wyvern!
You can't see any susceptible monsters within range! (Use Z to cast anyway.)
You open the door.
Found a whip and 19 gold pieces.
There is an open door here.
You now have 410 gold pieces (gained 19).
There is an open door here.
You open the door.
There is an open door here.
There is an open door here.
As you open the door, it creaks loudly!
There is an open door here.
As you open the door, it creaks loudly!
There is an open door here.
Found a stone staircase leading down.
You open the door.
There is an open door here.
You open the door.
There is an open door here.
You open the door.
There is an open door here.
Found a robe.
Unknown command.
Aim: a boulder beetle (chance to affect: 48%)
The boulder beetle resists with some effort.
The boulder beetle curls into a ball and begins rolling!
Aim: a boulder beetle (rolling, chance to affect: 48%)
The boulder beetle resists with some effort.
Aim: a boulder beetle (rolling, chance to affect: 48%)
The boulder beetle resists with some effort.
Aim: a boulder beetle (rolling, chance to affect: 48%)
The boulder beetle resists with some effort.
The boulder beetle hits you!!!
Ouch! That really hurt!
* * * LOW HITPOINT WARNING * * *
The boulder beetle stops rolling and uncurls.
The boulder beetle curls into a ball and begins rolling!
The boulder beetle hits you!!!
Ouch! That really hurt!
You die...

######....#################
###
...............#....#.....#
...............#....#.....#
...............#....+.....#
.......>.......#....#.....#
...............#....#.....#
################....#.....#.
..#............#............
..'............'@B○○°.......
..#............#............
..#............#..........[.
############################


You could see a boulder beetle (rolling).

Vanquished Creatures
  A two-headed ogre (D:9)
  A troll (D:7)
  Sigmund (D:2)
  6 yaks
  2 humans (D:7)
  2 wyverns (D:9)
  Menkaure (D:4)
  2 black bears
  A sky beast (D:5)
  5 necrophages
  5 ice beasts
  4 centaurs
  2 ogres
  6 phantoms
  2 bullfrogs
  A kobold brigand (D:9)
  A gnoll sergeant (D:9)
  2 scorpions
  5 wights
  A howler monkey (D:5)
  5 centaur zombies
  A bullfrog zombie (D:6)
  2 hounds
  2 jellies
  A human zombie (D:7)
  4 orc priests
  A bullfrog skeleton (D:4)
  7 orc wizards
  5 iguanas
  A killer bee zombie (D:5)
  2 mummies (D:7)
  A howler monkey zombie (D:9)
  Robin (D:2)
  A howler monkey skeleton (D:7)
  6 adders
  5 gnolls (D:9)
  2 shadow imps
  2 white imps
  An ufetubus (D:6)
  2 worms (D:2)
  A dart slug (D:2)
  24 orcs
  8 ball pythons
  6 endoplasms
  3 giant cockroaches
  18 goblins
  12 hobgoblins
  3 jackals (D:3)
  4 quokkas
  4 bats
  2 frilled lizards (D:1)
  13 kobolds
  6 rats
207 creatures vanquished.

Vanquished Creatures (others)
  2 fungi (D:6)
  A plant (D:6)
3 creatures vanquished.

Grand Total: 210 creatures vanquished

Notes
Turn   | Place    | Note
-------+----------+-------------------------------------------
     0 | D:1      | vurker the Demigod Air Elementalist began the quest for the
                  | Orb.
     0 | D:1      | Reached XP level 1. HP: 14/14 MP: 5/5
   129 | D:1      | Reached skill level 1 in Conjurations
   758 | D:1      | Reached XP level 2. HP: 22/22 MP: 0/7
  1003 | D:1      | Reached skill level 3 in Air Magic
  1248 | D:2      | Noticed Sigmund
  1472 | D:2      | Reached XP level 3. HP: 27/27 MP: 6/9
  1587 | D:2      | Killed Sigmund
  1588 | D:2      | Reached skill level 1 in Fighting
  1588 | D:2      | Reached skill level 4 in Air Magic
  1588 | D:2      | Reached XP level 4. HP: 12/36 MP: 1/11
  1588 | D:2      | Reached XP level 5. HP: 14/41 MP: 1/12
  2023 | D:2      | Noticed Robin
  2179 | D:2      | Killed Robin
  3929 | D:4      | Reached XP level 6. HP: 44/48 MP: 8/14
  4157 | D:4      | Noticed Menkaure
  4519 | D:4      | Killed Menkaure
  4948 | D:5      | Entered Level 5 of the Dungeon
  4960 | D:5      | Learned a level 4 spell: Airstrike
  4974 | D:5      | Reached skill level 5 in Air Magic
  4974 | D:5      | Reached XP level 7. HP: 53/56 MP: 13/16
  5144 | D:5      | Reached skill level 1 in Shields
  5529 | D:5      | Reached skill level 5 in Spellcasting
  5591 | D:5      | Reached XP level 8. HP: 61/63 MP: 8/19
  5843 | D:5      | Reached skill level 6 in Air Magic
  6028 | D:5      | Found a staircase to the Ecumenical Temple.
  6341 | D:6      | Identified 2 scrolls of acquirement
  6341 | D:6      | Acquired a staff of air
  6423 | D:5      | Acquired the +4 hat of Wauselis {rPois rC+ rN++ Str-3}
  6580 | D:6      | Found a runed translucent gate.
  6580 | D:6      | Found a runed translucent gate.
  6580 | D:6      | Found a runed translucent gate.
  6580 | D:6      | Noticed a kobold demonologist
  6580 | D:6      | Noticed sn0wgr3's ghost (novice MiFi)
  7114 | D:6      | Found Gozag's Platinum Reserve.
  7684 | D:6      | Reached skill level 7 in Air Magic
  8266 | D:7      | Noticed a troll
  8267 | D:7      | Reached XP level 9. HP: 72/72 MP: 8/22
  9204 | D:7      | Reached skill level 5 in Fighting
  9279 | D:7      | You fall into a shaft and drop 1 floor!
  9584 | D:7      | Reached skill level 8 in Air Magic
 11288 | D:9      | Noticed a boulder beetle
 11369 | D:9      | Noticed a two-headed ogre
 11373 | D:9      | Killed a two-headed ogre
 11374 | D:9      | Reached XP level 10. HP: 82/82 MP: 8/25
 11866 | D:9      | Reached skill level 9 in Air Magic
 12995 | D:9      | Demolished by a boulder beetle

Illustrated notes

Levels and vault maps discovered:
D:1:      dpeg_arrival_pits, layout_loops_ring, basic_ecumenical_altar
D:2:      layout_loops_ring, minmay_misc_feat_nine_boxes, minmay_pentomino_w4,
          uniq_robin, uniq_sigmund
D:3:      layout_basic, mainiacjoe_overflow_concentric_impassable,
          nicolae_overflow_hidden_temple
D:4:      layout_cave_pools, serial_rivers, chequers_serial_rivers_micro_d,
          chequers_serial_rivers_micro_d, chequers_serial_rivers_large_b,
          chequers_serial_rivers_room_b, uniq_menkaure
D:5:      layout_loops_ring, nemelex_dance_club_becter, lemuel_round_altar,
          minmay_temple_entry_antechambers
D:6:      layout_cave_pods, nicolae_gozag_zags_fifth_avenue, fedhas_altar_1,
          overflow_temple_1_default, serial_column_ruins,
          column_ruins_square_medium, column_ruins_temple_circle,
          column_ruins_open_small, column_ruins_open_small,
          column_ruins_open_tiny, column_ruins_grid_1,
          column_ruins_columns_corner, gammafunk_ghost_nasty_kobolds,
          chequers_garden, grunt_ministairs_8, kennysheep_cross_bottleneck,
          lightli_orcish_oven
D:7:      layout_rooms, okawaru_humans, lemuel_mausoleum_altar_kikubaaqudgha
D:8:      layout_gridville
D:9:      layout_grid_maze, mainiacjoe_overflow_paths

Skill      XL: |  1  2  3  4  5  6  7  8  9 10 |
---------------+-------------------------------+-----
Conjurations   | 1 2 3 |  3.0
Spellcasting   | 2 3 4 5 6 7 8 |  8.3
Air Magic      | 3 4 5 7 8 9 |  9.3
Fighting       | 1 2 3 4 5 6 |  6.1
Shields        | 1 3 4 |  4.0
Dodging        | |  1.7
Stealth        | |  1.7

Action                   |  1- 3 |  4- 6 |  7- 9 | 10-12 || total
-------------------------+-------+-------+-------+-------++-------
Melee: Short sword       |     7 |       |       |       ||     7
       Unarmed           |     4 |       |       |       ||     4
       Dagger            |       |     1 |       |       ||     1
 Cast: Shock             |    69 |   168 |    85 |    12 ||   334
       Airstrike         |       |       |   139 |    46 ||   185
Evoke: Wand              |       |       |     2 |     7 ||     9
  Use: Potion            |     1 |       |       |       ||     1
       Scroll            |       |     5 |     9 |       ||    14
Armor: Robe              |     7 |    11 |    19 |     5 ||    42
       Skin              |     1 |       |       |       ||     1
Dodge: Dodged            |    12 |    13 |    23 |     5 ||    53
Block: Buckler           |       |       |    14 |     8 ||    22

Table legend: (Time is in decaauts)
 A = Elapsed time spent in this place.
 B = Non-inter-level travel time spent in this place.
 C = Inter-level travel time spent in this place.
 D = Time resting spent in this place.
 E = Time spent auto-exploring this place.
 F = Levels seen in this place.
 G = Mean time per level.
                   A        B        C        D        E       F      G
               +--------+--------+--------+--------+--------+-----+--------+
         Total |  13027 |  12739 |    288 |    776 |  10589 |   9 | 1447.4 |
       Dungeon |  13027 |  12739 |    288 |    776 |  10589 |   9 | 1447.4 |
               +--------+--------+--------+--------+--------+-----+--------+

Top non-repeatable levels by time:
     D:6: 1990 daAuts
     D:7: 1979 daAuts
     D:2: 1497 daAuts
     D:5: 1476 daAuts
     D:9: 1393 daAuts
     D:1: 1353 daAuts
     D:8: 1213 daAuts
     D:4: 1101 daAuts
     D:3: 1021 daAuts
